 Dungeon Crawl Stone Soup version 0.24.1-14-gf8d2b509d9 (webtiles) character file.

Game seed: 6395040463192526104, levelgen mode: deterministic

2385 DifficultPete the Geomancer (level 9, -2/54 HPs)
             Began as a Gargoyle Earth Elementalist on Apr 13, 2024.
             Was an Initiate of Vehumet.
             Slain by Joseph
             ... wielding a cursed -1 quarterstaff
              (9 damage)
             ... on level 7 of the Dungeon.
             The game lasted 00:12:12 (6035 turns).

DifficultPete the Geomancer (GrEE)                  Turns: 6035, Time: 00:12:14

Health: -2/54      AC: 11    Str: 12    XL:     9   Next: 45%
Magic:  4/18       EV: 11    Int: 19    God:    Vehumet [......]
Gold:   479        SH:  0    Dex: 10    Spells: 11/20 levels left

rFire    + . .     SeeInvis .   b - +8 hand axe of the Secret Wishes {chop, rF+ rC+}
rCold    + . .     Gourm    .   (no shield)
rNeg     + . .     Faith    .   k - +0 leather armour
rPois    ∞         Spirit   .   (no helmet)
rElec    +         Reflect  .   v - +1 cloak
rCorr    .         Harm     .   (no gloves)
MR       +....                  (no boots)
Stlth    +++.......             (no amulet)
HPRegen  0.18/turn              n - ring of protection from magic
MPRegen  0.16/turn              (no ring)

@: very slightly contaminated
A: negative energy resistance 1, electricity resistance, unbreathing,
petrification resistance, rot immunity, AC +6
a: Renounce Religion


You were on level 7 of the Dungeon.
You worshipped Vehumet.
Vehumet was noncommittal.
You were not hungry.

You visited 2 branches of the dungeon, and saw 8 of its levels.

You collected 479 gold pieces.


Innate Abilities, Weirdness & Mutations

You are resistant to torment.
Your stone body is resilient. (AC +6)
You are immune to poison.
You resist negative energy. (rN+)
You are resistant to electric shocks. (rElec)
You can survive without breathing.
You are immune to petrification.
You are immune to rotting.


   Skills:
 - Level 5.0 Fighting
 - Level 1.5 Dodging
 + Level 8.2 Stealth
 + Level 6.3 Spellcasting
   Level 0.7 Transmutations
 + Level 8.7 Earth Magic


You had 11 spell levels left.
You knew the following spells:

 Your Spells              Type           Power        Failure   Level  Hunger
l - Lee's Rapid Deconstr  Erth           #####.....   11%         5    #####..
w - Stone Arrow           Conj/Erth      ###...       7%          3    ##.....
z - Sandblast             Erth           #####.       1%          1    None

Your spell library contained the following spells:

 Spells                   Type           Power        Failure   Level  Hunger
 Passwall                 Tmut/Erth      ###.....     3%          2    None
 Petrify                  Tmut/Erth      ###.....     21%         4    ####...

Inventory:

Hand Weapons
 b - the +8 hand axe of the Secret Wishes (weapon) {chop, rF+ rC+}
   (You found it on level 4 of the Dungeon)

   It inflicts extra damage upon your enemies.
   It protects you from fire.
   It protects you from cold.
 q - a +3 dagger of freezing
Missiles
 g - 2 javelins
 u - 20 stones (quivered)
Armour
 k - a +0 leather armour (worn)
 v - a +1 cloak (worn)
Jewellery
 n - a ring of protection from magic (left hand)
 C - an uncursed ring of ice
Wands
 m - a wand of digging (3)
Scrolls
 e - 2 scrolls of remove curse
 l - a scroll of magic mapping {unknown}
 o - 2 scrolls of enchant weapon
 s - 2 scrolls of teleportation {@r2}
 x - a scroll of fog
 y - a scroll of noise {unknown}
 B - a scroll of brand weapon {unknown}
Potions
 a - 2 potions of agility
 c - 3 potions of curing {@q1}
 f - 2 potions of might
 h - a potion of mutation
 i - 2 potions of flight
 j - a potion of haste {@q3}
 p - a potion of magic
 r - a potion of cancellation
 t - a potion of brilliance
 w - a potion of lignification
 z - a potion of ambrosia {unknown}
 A - a potion of heal wounds {unknown}
Comestibles
 d - 8 rations

Dungeon Overview and Level Annotations

Branches:
Dungeon (7/15)             Temple (1/1) D:7

Altars:
Ashenzari
Cheibriados
Dithmenos
Elyvilon
Fedhas
Hepliaklqana
Kikubaaqudgha
Makhleb
Nemelex Xobeh
Okawaru
Qazlal
Ru
Sif Muna
Trog
Uskayaw
Vehumet
Wu Jian
Xom
Yredelemnul
Zin
The Shining One

Shops:
D:4 =   D:5 *

Annotations:
D:7 Joseph

#.# #..#.# #.# #..#.#
#.# #..#.# #.# ..#.# #.#
#.#.#
#>#############.#.#####.
#.......................
###############@########
#@# #.# #$# #.# ###


You could see Joseph.


Message History

Unknown command.
You hit Joseph.
Joseph is moderately wounded.
Joseph hits you with a cursed -1 quarterstaff.
Joseph shouts, "You will never get the ORB!"
Joseph hits you with a cursed -1 quarterstaff!
* * * LOW HITPOINT WARNING * * *
Joseph hits you with a cursed -1 quarterstaff!
* * * LOW HITPOINT WARNING * * *
Casting: Stone Arrow (safe; 7% risk of failure)
Confirm with . or Enter, or press ? or * to list all spells.
Aiming: Sandblast (safe; 1% risk of failure)
Press: ? - help, Shift-Dir - straight line, f/p - Joseph
Aim: Joseph, wielding a -1 quarterstaff and wearing a +0 ring mail (moderately wounded, fast)
The blast of sand hits Joseph.
Joseph is moderately wounded.
u - 21 stones Joseph hits you with a cursed -1 quarterstaff!
* * * LOW HITPOINT WARNING * * *
Unknown command.
Casting: Sandblast (safe; 1% risk of failure)
Confirm with . or Enter, or press ? or * to list all spells.
Aiming: Sandblast (safe; 1% risk of failure)
Press: ? - help, Shift-Dir - straight line, f/p - Joseph
Aim: Joseph, wielding a -1 quarterstaff and wearing a +0 ring mail (moderately wounded, fast)
The blast of sand hits Joseph!!
Joseph is heavily wounded.
u - 20 stones Joseph hits you with a cursed -1 quarterstaff!
You die...

Skill      XL: |  1  2  3  4  5  6  7  8  9 |
---------------+----------------------------+-----
Fighting       | 1 2 3 4 5 |  5.0
Earth Magic    | 4 5 6 8 |  8.7
Stealth        | 3 4 5 7 8 |  8.2
Spellcasting   | 3 4 5 6 |  6.3
Dodging        | |  1.5
Transmutations | |  0.7

Action                   |  1- 3 |  4- 6 |  7- 9 || total
-------------------------+-------+-------+-------++-------
Melee: Unarmed           |    20 |    33 |       ||    53
       Dagger            |       |    13 |     9 ||    22
       Hand axe          |       |       |    38 ||    38
 Cast: Sandblast         |    45 |    94 |    94 ||   233
       Stone Arrow       |       |       |    23 ||    23
  Use: Scroll            |     4 |     5 |     5 ||    14
  Eat: Chunk             |     3 |     5 |     6 ||    14
       Ration            |       |       |     1 ||     1
Armor: Robe              |    15 |       |       ||    15
       Leather armour    |       |    47 |    30 ||    77
Dodge: Dodged            |    40 |    42 |    48 ||   130

Levels and vault maps discovered:
D:1:      lightli_iron_boxes, layout_loops_ring
D:2:      layout_basic
D:3:      layout_loops_ring, chequers_ecumenical_altar_simple, first_ration,
          uniq_jessica, uniq_ijyb, uniq_natasha
D:4:      layout_loops_cross, kennysheep_little_box, serial_shops, shop,
          fedhas_altar_1
D:5:      layout_cave_pools, serial_shops, shop_coins, st_stairs_3,
          uniq_sigmund, uniq_menkaure
D:6:      layout_loops_ring, kennysheep_donut, uniq_pikel, uniq_eustachio,
          uniq_edmund, uniq_grinder, uniq_prince_ribbit1
D:7:      wander_guarded_unrand_ratskin, layout_basic,
          minmay_temple_entry_trees, enter_bailey_2, serial_shops,
          nicolae_shop_behind_doors, uniq_joseph
Temple:   minmay_crystal_snake_temple

Notes
Turn   | Place    | Note
-------+----------+-------------------------------------------
     0 | D:1      | DifficultPete the Gargoyle Earth Elementalist began the
                  | quest for the Orb.
     0 | D:1      | Reached XP level 1. HP: 10/10 MP: 3/3
   182 | D:1      | Reached XP level 2. HP: 16/16 MP: 1/5
   462 | D:1      | Reached skill level 1 in Fighting
   462 | D:1      | Reached skill level 4 in Earth Magic
   522 | D:1      | Reached XP level 3. HP: 3/20 MP: 0/6
  1782 | D:2      | Noticed a scorpion
  1791 | D:2      | Killed a scorpion
  1791 | D:2      | Reached skill level 3 in Stealth
  1791 | D:2      | Reached XP level 4. HP: 24/26 MP: 0/8
  1807 | D:2      | Reached skill level 2 in Fighting
  2191 | D:3      | Reached XP level 5. HP: 30/30 MP: 2/9
  2332 | D:3      | Noticed Natasha
  2340 | D:3      | Killed Natasha
  2340 | D:3      | Reached skill level 3 in Spellcasting
  2416 | D:3      | Found a faded altar of an unknown god.
  2416 | D:3      | Noticed Natasha
  2420 | D:3      | Killed Natasha
  2427 | D:3      | Noticed Jessica
  2436 | D:3      | Killed Jessica
  2499 | D:3      | Reached skill level 5 in Earth Magic
  2655 | D:3      | Noticed Natasha
  2662 | D:3      | Killed Natasha
  2662 | D:3      | Reached skill level 4 in Stealth
  2662 | D:3      | Reached XP level 6. HP: 29/36 MP: 2/10
  2703 | D:3      | Reached skill level 3 in Fighting
  2780 | D:3      | Noticed Ijyb
  2830 | D:3      | Killed Ijyb
  3435 | D:4      | Reached XP level 7. HP: 33/41 MP: 2/12
  3444 | D:4      | Found a blossoming altar of Fedhas.
  3564 | D:4      | Got a twisted hand axe
  3628 | D:4      | Identified the +8 hand axe of the Secret Wishes {chop, rF+
                  | rC+} (You found it on level 4 of the Dungeon)
  3761 | D:4      | Found a glowing golden altar of the Shining One.
  3822 | D:4      | Found Licwigay's Jewellery Emporium.
  3913 | D:5      | Entered Level 5 of the Dungeon
  3964 | D:5      | Found Gitaaz's Assorted Antiques.
  4017 | D:5      | Reached skill level 5 in Stealth
  4021 | D:5      | Reached skill level 4 in Spellcasting
  4045 | D:5      | Noticed Sigmund
  4118 | D:5      | Killed Sigmund
  4118 | D:5      | Reached skill level 4 in Fighting
  4118 | D:5      | Reached skill level 6 in Earth Magic
  4365 | D:5      | Noticed Menkaure
  4484 | D:5      | Killed Menkaure
  4484 | D:5      | Reached XP level 8. HP: 40/48 MP: 10/14
  4671 | D:6      | Noticed Pikel
  4677 | D:6      | Noticed Edmund
  4703 | D:6      | Killed Edmund
  4703 | D:6      | Reached skill level 5 in Fighting
  4703 | D:6      | Reached skill level 6 in Stealth
  4714 | D:6      | HP: 3/49 [Pikel/+1 whip of flaming (4)]
  4725 | D:6      | Killed Pikel
  4725 | D:6      | Reached skill level 7 in Stealth
  4725 | D:6      | Reached skill level 5 in Spellcasting
  4725 | D:6      | Reached skill level 7 in Earth Magic
  5005 | D:6      | Learned a level 3 spell: Stone Arrow
  5011 | D:6      | Learned a level 5 spell: Lee's Rapid Deconstruction
  5045 | D:6      | Noticed Eustachio
  5076 | D:6      | Killed Eustachio
  5076 | D:6      | Reached skill level 8 in Earth Magic
  5076 | D:6      | Reached XP level 9. HP: 48/54 MP: 7/17
  5151 | D:6      | Noticed Prince Ribbit
  5159 | D:6      | Killed Prince Ribbit
  5177 | D:6      | Noticed Grinder
  5331 | D:6      | Killed Grinder
  5331 | D:6      | Reached skill level 6 in Spellcasting
  5607 | D:6      | Reached skill level 8 in Stealth
  5734 | D:7      | Found a staircase to the Ecumenical Temple.
  5751 | Temple   | Entered the Ecumenical Temple
  5863 | Temple   | Became a worshipper of Vehumet
  6022 | D:7      | Noticed Joseph
  6035 | D:7      | Slain by Joseph

Vanquished Creatures
  Pikel (D:6)
  Grinder (D:6)
  Prince Ribbit (D:6)
  Sigmund (D:5)
  Eustachio (D:6)
  Menkaure (D:5)
  Edmund (D:6)
  A phantom (D:6)
  2 slaves (D:6)
  A centaur (D:7)
  A bullfrog (D:6)
  A scorpion (D:2)
  2 howler monkeys
  A crimson imp (D:5)
  An orc priest (D:4)
  A hound (D:6)
  2 jellies
  2 orc wizards (D:4)
  Jessica (D:3)
  3 iguanas
  Ijyb (D:3)
  A worker ant (D:4)
  Natasha (thrice) (D:3)
  A worker ant zombie (D:5)
  9 adders
  A shadow imp (D:5)
  An ooze (D:2)
  A worm (D:5)
  A dart slug (D:1)
  A leopard gecko (D:3)
  24 orcs
  3 giant cockroaches
  4 goblins
  11 hobgoblins
  8 jackals
  2 quokkas (D:4)
  A ball python (D:3)
  11 bats
  4 frilled lizards
  8 kobolds
  2 leopard gecko skeletons
  A quokka skeleton (D:5)
  A rat (D:1)
126 creatures vanquished.

Vanquished Creatures (others)
  A bullfrog (D:6)
  A jelly (D:6)
  A leopard gecko (D:6)
  A leopard gecko zombie (D:6)
4 creatures vanquished.

Grand Total: 130 creatures vanquished

Table legend:
 A = Turns spent in this place as a percentage of turns spent in the entire game.
 B = Non-inter-level travel turns spent in this place as a percentage of non-inter-level travel turns spent in the entire game.
 C = Inter-level travel turns spent in this place as a percentage of turns spent in this place.
 D = Turns resting spent in this place as a percentage of non-inter-level travel turns spent in this place.
 E = Turns spent auto-exploring this place as a percentage of non-inter-level travel turns spent in this place.
 F = Non-inter-level travel turns spent in this place divided by the number of levels of this place that you've seen.
                   A       B       C       D       E      F
               +-------+-------+-------+-------+-------+----------------------
         Total | 100.0 | 100.0 |   3.5 |  30.7 |  51.0 | 728.1
       Dungeon |  97.5 |  98.0 |   2.9 |  31.3 |  50.1 | 815.9
        Temple |   2.5 |   2.0 |  24.5 |   0.0 |  94.7 | 114.0
               +-------+-------+-------+-------+-------+----------------------

Table legend:
 A = Non-vault XP
 B = Vault XP
 C = Vault XP percentage of total XP
 D = Non-vault monster count
 E = Vault monster count
 F = Vault count percentage of total count
                 A         B        C        D         E       F
            +---------+---------+-------+---------+---------+-------
      Total |    1337 |    2071 |  60.8 |     113 |      11 |   8.9
            +---------+---------+-------+---------+---------+-------
        D:1 |      40 |       0 |   0.0 |      22 |       0 |   0.0
        D:2 |     113 |       0 |   0.0 |      17 |       0 |   0.0
        D:3 |     183 |     108 |  37.1 |      25 |       3 |  10.7
        D:4 |     338 |       0 |   0.0 |      24 |       0 |   0.0
        D:5 |     185 |     386 |  67.6 |      13 |       3 |  18.8
        D:6 |     291 |    1577 |  84.4 |       8 |       5 |  38.5
        D:7 |     187 |       0 |   0.0 |       4 |       0 |   0.0
            +---------+---------+-------+---------+---------+-------
